TOP OF THE 1ST |
Colorado Commanders batting - Pitching for Jasper Cougars : RHP Tsugahara Suzuki
|
Pitching: RHP Tsugahara Suzuki
|
|
Batting: SHB George Adams
|
0-0: Ball 1-0: Fly out, F8 (Popup, 8LS)
|
Batting: RHB Richard Pendergast
|
0-0: Foul Ball, location: 2F 0-1: Ball 1-1: Fly out, F9 (Flyball, 9M)
|
Batting: LHB Rafael Delgado
|
0-0: Called Strike 0-1: Swinging Strike 0-2: Foul Ball, location: 2F 0-2: Strikes out swinging
|
Top of the 1st over - 0 run(s), 0 hit(s), 0 error(s), 0 left on base; Colorado 0 - Jasper 0 |
BOTTOM OF THE 1ST |
Jasper Cougars batting - Pitching for Colorado Commanders : RHP Kenshin Kubota
|
Pitching: RHP Kenshin Kubota
|
|
Batting: RHB Greg King
|
0-0: Called Strike 0-1: Ball 1-1: Ball 2-1: Foul Ball, location: 2F 2-2: Ground out 5-3 (Groundball, 5)
|
Batting: LHB Enrique Valentín
|
0-0: Ball 1-0: Ball 2-0: SINGLE (Line Drive, 34D)
|
Batting: SHB Martín Cruz
|
0-0: Ball 1-0: SINGLE (Line Drive, 34) Enrique Valentín to second
|
Batting: SHB Ron Edwards
|
0-0: Ball 1-0: Ball 2-0: Ball 3-0: Called Strike 3-1: Fielders Choice at 2nd, 6-4 (Groundball, 6M) Enrique Valentín to third
|
Batting: RHB José Ortega
|
0-0: Called Strike 0-1: Swinging Strike 0-2: Fielders Choice at 2nd, 6-4 (Groundball, 6)
|
Bottom of the 1st over - 0 run(s), 2 hit(s), 0 error(s), 1 left on base; Colorado 0 - Jasper 0 |
TOP OF THE 2ND |
Colorado Commanders batting - Pitching for Jasper Cougars : RHP Tsugahara Suzuki
|
Batting: RHB Diego Francisco
|
0-0: Ball 1-0: Ball 2-0: Called Strike 2-1: Ball 3-1: Called Strike 3-2: Foul Ball, location: 2F 3-2: Strikes out swinging
|
Batting: SHB Scott Compton
|
0-0: Ball 1-0: Ball 2-0: Called Strike 2-1: Ball 3-1: Called Strike 3-2: SINGLE (Groundball, 34D)
|
Batting: RHB John Riley
|
0-0: SINGLE (Line Drive, 8RS) Scott Compton to second
|
Batting: RHB Joe Haley
|
0-0: Called Strike 0-1: SINGLE (Line Drive, 6MD) Scott Compton to third John Riley to second Runner from 3rd tries for Home, throw and OUT!
|
Batting: LHB John Nicholson
|
0-0: Ball 1-0: Fly out, F6 (Popup, 5D)
|
Top of the 2nd over - 0 run(s), 3 hit(s), 0 error(s), 2 left on base; Colorado 0 - Jasper 0 |
BOTTOM OF THE 2ND |
Jasper Cougars batting - Pitching for Colorado Commanders : RHP Kenshin Kubota
|
Batting: RHB Manuel Pérez
|
0-0: Called Strike 0-1: Foul Ball, location: 2F 0-2: Strikes out swinging
|
Batting: RHB Dan Hooper
|
0-0: Ball 1-0: Ball 2-0: Called Strike 2-1: Called Strike 2-2: Ball 3-2: Strikes out looking
|
Batting: RHB Jesús Hernández
|
0-0: Called Strike 0-1: Ball 1-1: Foul Ball, location: 2F 1-2: Ball 2-2: Foul Ball, location: 2F 2-2: Foul Ball, location: 2F 2-2: Foul Ball, location: 2F 2-2: Ball 3-2: SINGLE (Flyball, 8RS)
|
Batting: LHB Pepe Vázquez
|
0-0: Called Strike 0-1: SINGLE (Line Drive, 9S) Jesús Hernández to second Runner from 2nd tries for 3rd, SAFE, no throw or cutoff
|
Batting: RHB Greg King
|
0-0: Swinging Strike 0-1: Foul Ball, location: 2F 0-2: Ball 1-2: Fielders Choice at 2nd, 6-4 (Groundball, 6)
|
Bottom of the 2nd over - 0 run(s), 2 hit(s), 0 error(s), 1 left on base; Colorado 0 - Jasper 0 |
TOP OF THE 3RD |
Colorado Commanders batting - Pitching for Jasper Cougars : RHP Tsugahara Suzuki
|
Batting: SHB Ángel Díaz
|
0-0: Ball 1-0: Ball 2-0: Ground out 6-3 (Groundball, 6MD)
|
Batting: SHB George Adams
|
0-0: Foul Ball, location: 2F 0-1: SINGLE (Line Drive, 78S)
|
Batting: RHB Richard Pendergast
|
0-0: Fly out, F9 (Flyball, 9M)
|
Batting: LHB Rafael Delgado
|
0-0: Swinging Strike 0-1: Fly out, F8 (Flyball, 8LS)
|
Top of the 3rd over - 0 run(s), 1 hit(s), 0 error(s), 1 left on base; Colorado 0 - Jasper 0 |
BOTTOM OF THE 3RD |
Jasper Cougars batting - Pitching for Colorado Commanders : RHP Kenshin Kubota
|
Batting: LHB Enrique Valentín
|
0-0: Ground out U3 (Groundball, 3S)
|
Batting: SHB Martín Cruz
|
0-0: Ball 1-0: Called Strike 1-1: Foul Ball, location: 2F 1-2: Ball 2-2: Foul Ball, location: 2F 2-2: Strikes out swinging
|
Batting: SHB Ron Edwards
|
0-0: Swinging Strike 0-1: Called Strike 0-2: Strikes out swinging
|
Bottom of the 3rd over - 0 run(s), 0 hit(s), 0 error(s), 0 left on base; Colorado 0 - Jasper 0 |
TOP OF THE 4TH |
Colorado Commanders batting - Pitching for Jasper Cougars : RHP Tsugahara Suzuki
|
Batting: RHB Diego Francisco
|
0-0: Called Strike 0-1: Swinging Strike 0-2: Foul Ball, location: 2F 0-2: Ball 1-2: Foul Ball, location: 2F 1-2: Foul Ball, location: 2F 1-2: Strikes out swinging
|
Batting: SHB Scott Compton
|
0-0: Called Strike 0-1: Ball 1-1: Ball 2-1: Swinging Strike 2-2: Ball 3-2: Strikes out swinging
|
Batting: RHB John Riley
|
0-0: Called Strike 0-1: Ball 1-1: Called Strike 1-2: Foul Ball, location: 2F 1-2: Hit by Pitch
|
Batting: RHB Joe Haley
|
0-0: Foul Ball, location: 2F 0-1: Ground out 4-3 (Groundball, 4)
|
Top of the 4th over - 0 run(s), 0 hit(s), 0 error(s), 1 left on base; Colorado 0 - Jasper 0 |
BOTTOM OF THE 4TH |
Jasper Cougars batting - Pitching for Colorado Commanders : RHP Kenshin Kubota
|
Batting: RHB José Ortega
|
0-0: Ball 1-0: Foul Ball, location: 2F 1-1: Ball 2-1: Fly out, F9 (Flyball, 9M)
|
Batting: RHB Manuel Pérez
|
0-0: SINGLE (Line Drive, 7LM)
|
Batting: RHB Dan Hooper
|
0-0: Called Strike 0-1: SINGLE (Line Drive, 34D) Manuel Pérez to second
|
Batting: RHB Jesús Hernández
|
0-0: Ball 1-0: DOUBLE (Flyball, 89XD) Manuel Pérez scores Dan Hooper to third
|
Batting: LHB Pepe Vázquez
|
0-0: Called Strike 0-1: Swinging Strike 0-2: Ball 1-2: Ball 2-2: Ground out 4-3 (Groundball, 4) Dan Hooper scores Jesús Hernández to third
|
Batting: RHB Greg King
|
0-0: Foul Ball, location: 2F 0-1: SINGLE (Line Drive, 8LS) Jesús Hernández scores
|
Batting: LHB Enrique Valentín
|
0-0: Ball 1-0: Called Strike 1-1: Swinging Strike 1-2: Foul Ball, location: 2F 1-2: Strikes out swinging
|
Bottom of the 4th over - 3 run(s), 4 hit(s), 0 error(s), 1 left on base; Colorado 0 - Jasper 3 |
TOP OF THE 5TH |
Colorado Commanders batting - Pitching for Jasper Cougars : RHP Tsugahara Suzuki
|
Batting: LHB John Nicholson
|
0-0: Called Strike 0-1: Swinging Strike 0-2: SINGLE (Line Drive, 8LS)
|
Batting: SHB Ángel Díaz
|
0-0: Ball 1-0: Ground out 6-3 (Groundball, 6S) John Nicholson to second
|
Batting: SHB George Adams
|
0-0: Ball 1-0: Swinging Strike 1-1: Swinging Strike 1-2: Strikes out swinging
|
Batting: RHB Richard Pendergast
|
0-0: Foul Ball, location: 2F 0-1: Ball 1-1: Ball 2-1: Fly out, F8 (Flyball, 8LXD)
|
Top of the 5th over - 0 run(s), 1 hit(s), 0 error(s), 1 left on base; Colorado 0 - Jasper 3 |
BOTTOM OF THE 5TH |
Jasper Cougars batting - Pitching for Colorado Commanders : RHP Kenshin Kubota
|
Batting: SHB Martín Cruz
|
0-0: Called Strike 0-1: Ball 1-1: Fly out, F9 (Flyball, 89M)
|
Batting: SHB Ron Edwards
|
0-0: Ball 1-0: Called Strike 1-1: Foul Ball, location: 2F 1-2: Ground out 4-3 (Groundball, 4)
|
Batting: RHB José Ortega
|
0-0: Called Strike 0-1: Ball 1-1: Ball 2-1: Ball 3-1: Called Strike 3-2: SINGLE (Line Drive, 6D)
|
Pitching: RHP Manuel Zarate
|
|
Batting: RHB Manuel Pérez
|
0-0: Called Strike 0-1: Ball Wild Pitch! José Ortega to second 1-1: Ball 2-1: Ball 3-1: Base on Balls
|
Batting: RHB Dan Hooper
|
0-0: Ball 1-0: SINGLE (Groundball, 6D) José Ortega to third Manuel Pérez to second
|
Batting: RHB Jesús Hernández
|
0-0: Called Strike 0-1: Ball 1-1: Called Strike 1-2: Ball 2-2: Foul Ball, location: 2F 2-2: Ball 3-2: Base on Balls José Ortega scores Manuel Pérez to third Dan Hooper to second
|
Batting: LHB Pepe Vázquez
|
0-0: Ball 1-0: Fly out, F8 (Flyball, 8LS)
|
Bottom of the 5th over - 1 run(s), 2 hit(s), 0 error(s), 3 left on base; Colorado 0 - Jasper 4 |
TOP OF THE 6TH |
Colorado Commanders batting - Pitching for Jasper Cougars : RHP Tsugahara Suzuki
|
Batting: LHB Rafael Delgado
|
0-0: Fly out, F6 (Popup, 6D)
|
Batting: RHB Diego Francisco
|
0-0: Ball 1-0: Ground out 1-3 (Groundball, 15S)
|
Batting: SHB Scott Compton
|
0-0: Ball 1-0: Ground out 3-1 (Groundball, 34)
|
Top of the 6th over - 0 run(s), 0 hit(s), 0 error(s), 0 left on base; Colorado 0 - Jasper 4 |
BOTTOM OF THE 6TH |
Jasper Cougars batting - Pitching for Colorado Commanders : RHP Manuel Zarate
|
Batting: RHB Greg King
|
0-0: Called Strike 0-1: Ball 1-1: Called Strike 1-2: Ball 2-2: SINGLE (Line Drive, 6D)
|
Batting: LHB Enrique Valentín
|
0-0: Called Strike 0-1: Called Strike 0-2: Foul Ball, location: 2F 0-2: Ball 1-2: SINGLE (Line Drive, 34D) Greg King to second Runner from 2nd tries for 3rd, SAFE, throw made to third Enrique Valentín to second
|
Batting: SHB Martín Cruz
|
0-0: Ball 1-0: Fly out, F2 (Popup, 25F)
|
Batting: SHB Ron Edwards
|
0-0: Intentional Walk
|
Batting: RHB José Ortega
|
0-0: Ball 1-0: Swinging Strike 1-1: Swinging Strike 1-2: Strikes out swinging
|
Batting: RHB Manuel Pérez
|
0-0: Called Strike 0-1: Ball 1-1: Ball 2-1: Called Strike 2-2: Strikes out swinging
|
Bottom of the 6th over - 0 run(s), 2 hit(s), 0 error(s), 3 left on base; Colorado 0 - Jasper 4 |
TOP OF THE 7TH |
Colorado Commanders batting - Pitching for Jasper Cougars : RHP Tsugahara Suzuki
|
Batting: RHB John Riley
|
0-0: Called Strike 0-1: Called Strike 0-2: Ground out 5-3 (Groundball, 5)
|
Batting: RHB Joe Haley
|
0-0: Ball 1-0: Ground out 1-3 (Groundball, 15S)
|
Batting: LHB John Nicholson
|
0-0: Swinging Strike 0-1: Foul Ball, location: 2F 0-2: Foul Ball, location: 2F 0-2: Ball 1-2: Foul Ball, location: 2F 1-2: Strikes out looking
|
Top of the 7th over - 0 run(s), 0 hit(s), 0 error(s), 0 left on base; Colorado 0 - Jasper 4 |
BOTTOM OF THE 7TH |
Jasper Cougars batting - Pitching for Colorado Commanders : RHP Manuel Zarate
|
Batting: RHB Dan Hooper
|
0-0: Ground out 6-3 (Groundball, 6)
|
Batting: RHB Jesús Hernández
|
0-0: Foul Ball, location: 2F 0-1: Ball 1-1: Fly out, F9 (Flyball, 9D)
|
Batting: LHB Pepe Vázquez
|
0-0: Ball 1-0: Called Strike 1-1: Ball 2-1: Ball 3-1: Base on Balls
|
Batting: RHB Greg King
|
0-0: Called Strike 0-1: Called Strike 0-2: Ball 1-2: Ball 2-2: Strikes out swinging
|
Bottom of the 7th over - 0 run(s), 0 hit(s), 0 error(s), 1 left on base; Colorado 0 - Jasper 4 |
TOP OF THE 8TH |
Colorado Commanders batting - Pitching for Jasper Cougars : RHP Tsugahara Suzuki
|
Batting: SHB Ángel Díaz
|
0-0: SINGLE (Groundball, 34D)
|
Pitching: RHP Bennett Greer
|
|
Batting: SHB George Adams
|
0-0: Ground out U3 (Groundball, 3S) Ángel Díaz to second
|
Batting: RHB Richard Pendergast
|
0-0: SINGLE (Groundball, 15) (infield hit) Ángel Díaz to third
|
Pitching: LHP Javier Galeas
|
|
Batting: LHB Rafael Delgado
|
0-0: Called Strike 0-1: Called Strike 0-2: Ball 1-2: Ball Wild Pitch! Ángel Díaz scores Richard Pendergast to second 2-2: Strikes out looking
|
Pitching: RHP Brandon Williams
|
|
Batting: RHB Diego Francisco
|
0-0: Ball 1-0: Called Strike 1-1: SINGLE (Line Drive, 8LS) Richard Pendergast to third Runner from 3rd tries for Home, SAFE, no throw or cutoff
|
Batting: SHB Scott Compton
|
0-0: Called Strike 0-1: Ball 1-1: Ball 2-1: Foul Ball, location: 2F 2-2: SINGLE (Groundball, 6MD) Diego Francisco to second
|
Pinch Hitting: RHB Tim Adkins
|
0-0: Ball 1-0: Foul Ball, location: 2F 1-1: Ball 2-1: Foul Ball, location: 2F 2-2: Fly out, F6 (Popup, 56D)
|
Top of the 8th over - 2 run(s), 4 hit(s), 0 error(s), 2 left on base; Colorado 2 - Jasper 4 |
BOTTOM OF THE 8TH |
Jasper Cougars batting - Pitching for Colorado Commanders : RHP Manuel Zarate
|
Pitching: RHP Jacob Bryant
|
|
Now at SS: Tim Adkins
|
|
Batting: LHB Enrique Valentín
|
0-0: Ball 1-0: Ball 2-0: Ground out 1-3 (Groundball, 23)
|
Batting: SHB Martín Cruz
|
0-0: Fly out, F7 (Flyball, 7LSF)
|
Batting: SHB Ron Edwards
|
0-0: Ball 1-0: Called Strike 1-1: Fly out, F7 (Line Drive, 78M)
|
Bottom of the 8th over - 0 run(s), 0 hit(s), 0 error(s), 0 left on base; Colorado 2 - Jasper 4 |
TOP OF THE 9TH |
Colorado Commanders batting - Pitching for Jasper Cougars : RHP Brandon Williams
|
Pitching: LHP Júlio Aguilar
|
|
Batting: RHB Joe Haley
|
0-0: Called Strike 0-1: DOUBLE (Line Drive, 7D)
|
Pinch Hitting: RHB Emiel van Rhee
|
0-0: Ball 1-0: Ball 2-0: Ball 3-0: Called Strike 3-1: Base on Balls
|
Batting: SHB Ángel Díaz
|
0-0: Called Strike 0-1: Ball 1-1: Called Strike 1-2: Fielders Choice at 2nd, 4-6 (Groundball, 4) Joe Haley to third
|
Pinch Hitting: RHB Earnest Turner
|
0-0: Foul Ball, location: 2F 0-1: Called Strike 0-2: Ball 1-2: DOUBLE (Groundball, 5L) Joe Haley scores Ángel Díaz to third Runner from 3rd tries for Home, SAFE, no throw or cutoff
|
Batting: RHB Richard Pendergast
|
0-0: Called Strike 0-1: Called Strike 0-2: Strikes out looking
|
Batting: LHB Rafael Delgado
|
0-0: Called Strike 0-1: Reached on error, E6 (Groundball, 56) Earnest Turner to third
|
Batting: RHB Diego Francisco
|
0-0: Swinging Strike 0-1: Called Strike 0-2: Ball 1-2: SINGLE (Groundball, 15S) (infield hit) Earnest Turner scores Rafael Delgado to second
|
Batting: SHB Scott Compton
|
0-0: Called Strike 0-1: Ball 1-1: Fly out, F3 (Popup, 23F)
|
Top of the 9th over - 3 run(s), 3 hit(s), 1 error(s), 2 left on base; Colorado 5 - Jasper 4 |
BOTTOM OF THE 9TH |
Jasper Cougars batting - Pitching for Colorado Commanders : RHP Jacob Bryant
|
Pitching: RHP Gerard Allen
|
|
Now at 2B: Emiel van Rhee
|
|
Now in RF: Lee Price
|
|
Pinch Hitting: RHB Juan Vázquez
|
0-0: Ball 1-0: Called Strike 1-1: Ball 2-1: Ball 3-1: Called Strike 3-2: Fly out, F6 (Popup, 6M)
|
Batting: RHB Manuel Pérez
|
0-0: Ball 1-0: Called Strike 1-1: Swinging Strike 1-2: Strikes out swinging
|
Batting: RHB Dan Hooper
|
0-0: Ball 1-0: Ball 2-0: Ball 3-0: Called Strike 3-1: Called Strike 3-2: Foul Ball, location: 2F 3-2: Base on Balls
|
Batting: RHB Jesús Hernández
|
0-0: Called Strike 0-1: DOUBLE (Line Drive, 9LD) Dan Hooper to third Runner from 3rd tries for Home, SAFE, no throw or cutoff
|
Batting: LHB Pepe Vázquez
|
0-0: Swinging Strike 0-1: Ball 1-1: Foul Ball, location: 2F 1-2: Foul Ball, location: 2F 1-2: Ball 2-2: Strikes out swinging
|
Bottom of the 9th over - 1 run(s), 1 hit(s), 0 error(s), 1 left on base; Colorado 5 - Jasper 5 |
TOP OF THE 10TH |
Colorado Commanders batting - Pitching for Jasper Cougars : LHP Júlio Aguilar
|
Now at 3B: Ron Johnston
|
|
Batting: RHB Tim Adkins
|
0-0: Called Strike 0-1: Foul Ball, location: 2F 0-2: Ball 1-2: Foul Ball, location: 2F 1-2: Ball 2-2: Strikes out swinging
|
Batting: RHB Joe Haley
|
0-0: Ball 1-0: Ball 2-0: Ball 3-0: Called Strike 3-1: Foul Ball, location: 2F 3-2: Base on Balls
|
Batting: RHB Emiel van Rhee
|
0-0: SINGLE (Line Drive, 6D) Joe Haley to second
|
Batting: SHB Ángel Díaz
|
0-0: Ball 1-0: Ball 2-0: Foul Ball, location: 2F 2-1: Fly out, F9 (Line Drive, 89M)
|
Batting: RHB Lee Price
|
0-0: Foul Ball, location: 2F 0-1: Called Strike 0-2: Ball 1-2: Foul Ball, location: 2F 1-2: Ball 2-2: Ball 3-2: Base on Balls Joe Haley to third Emiel van Rhee to second
|
Batting: RHB Richard Pendergast
|
0-0: Ball 1-0: Ball 2-0: Foul Ball, location: 2F 2-1: Swinging Strike 2-2: Foul Ball, location: 2F 2-2: Strikes out looking
|
Top of the 10th over - 0 run(s), 1 hit(s), 0 error(s), 3 left on base; Colorado 5 - Jasper 5 |
BOTTOM OF THE 10TH |
Jasper Cougars batting - Pitching for Colorado Commanders : RHP Gerard Allen
|
Batting: RHB Greg King
|
0-0: Called Strike 0-1: Ball 1-1: Foul Ball, location: 2F 1-2: Ball 2-2: SINGLE (Groundball, 6MD)
|
Batting: LHB Enrique Valentín
|
0-0: Ball 1-0: Bunt missed! 1-1: Called Strike Greg King steals 2nd base 1-2: Ball 2-2: Ball 3-2: Intentional Walk
|
Batting: SHB Martín Cruz
|
0-0: Ball 1-0: Ball 2-0: Ball 3-0: Base on Balls Greg King to third Enrique Valentín to second
|
Batting: SHB Ron Edwards
|
0-0: Ball 1-0: Ball 2-0: Foul Ball, location: 2F 2-1: Called Strike 2-2: Foul Ball, location: 2F 2-2: Foul Ball, location: 2F 2-2: Ball Error on foul ball, E9 3-2: SINGLE (Groundball, 4M) Greg King scores
|
|